 Dungeon Crawl Stone Soup version 0.31-a0-152-g6aa68a64a1 (webtiles) character file.

Game seed: 15225873515180256381

94 qw the Shooter (level 4, -1/28 HPs)
             Began as a Gargoyle Hunter on June 10, 2023.
             Slain by a worm (9 damage)
             ... on level 3 of the Dungeon.
             The game lasted 00:00:42 (2011 turns).

qw the Shooter (Gargoyle Hunter)                    Turns: 2011, Time: 00:00:43

Health: -1/28      AC:  8    Str: 15    XL:     4   Next: 63%
Magic:  4/4        EV: 11    Int:  9    God:
Gold:   167        SH:  0    Dex: 15    Spells: 3/3 levels left

rFire   . . .        Y - +0 shortbow
rCold   . . .        (shield currently unavailable)
rNeg    + . .        i - +0 ring mail
rPois   inf          (no helmet)
rElec   +            (no cloak)
rCorr   +            (no gloves)
SInv    .            (no boots)
Will    .....        (no amulet)
Stlth   +            e - ring of resist corrosion
HPRegen 0.24/turn    (no ring)
MPRegen 0.09/turn

%: no passive effects
@: no status effects
A: sickness immunity, AC +3, negative energy resistance 1, electricity
resistance, torment resistance 1, petrification resistance
a: no special abilities


You were on level 3 of the Dungeon.
You visited 1 branch of the dungeon, and saw 3 of its levels.

You collected 167 gold pieces.


Innate Abilities, Weirdness & Mutations

You are immune to sickness and miasma.
Your stone body is resilient. (AC +3)
You are immune to poison.
You resist negative energy. (rN+)
You are resistant to electric shocks. (rElec)
You are resistant to unholy torment.
You are immune to petrification.


   Skills:
 - Level 3.1 Fighting
 + Level 5.3 Ranged Weapons
 - Level 1.0 Armour
 - Level 1.5 Dodging
 - Level 1.1 Stealth


You had 3 spell levels left.
You didn't know any spells.
Your spell library was empty.

Inventory:

Hand Weapons
 Y - a +0 shortbow (weapon)
Armour
 i - a +0 ring mail (worn)
Jewellery
 e - a ring of resist corrosion (left hand)
Scrolls
 d - 2 scrolls of identify
 f - 2 scrolls of enchant armour
Potions
 a - a potion of heal wounds {unknown}
 b - a potion of lignification {unknown}
 c - a potion of might {unknown}
 h - a potion of curing {unknown}

Dungeon Overview and Level Annotations

Branches:
Dungeon (3/15)

Altars:

Shops:
D:3 (


Message History

You shoot an arrow. The arrow hits the worm.
The worm is lightly wounded.
You shoot an arrow. The arrow hits the worm.
The worm is moderately wounded.
You shoot an arrow. The arrow hits the worm.
The worm is heavily wounded.
You shoot an arrow. The arrow hits the worm.
The worm is heavily wounded.
You shoot an arrow. The arrow barely misses the worm.
You shoot an arrow.
The arrow hits the worm but does no damage.
The worm is moderately wounded.
You shoot an arrow. The arrow barely misses the worm.
The worm bites you!
You shoot an arrow. The arrow hits the worm.
The worm is heavily wounded.
You shoot an arrow. The arrow hits the worm.
The worm is heavily wounded.
The worm bites you.
You shoot an arrow. The arrow hits the worm.
The worm is severely wounded.
The worm bites you.
You shoot an arrow.
The arrow hits the worm but does no damage.
The worm is severely wounded.
You shoot an arrow. The arrow barely misses the worm.
The worm bites you.
You shoot an arrow. The arrow barely misses the worm.
The worm bites you.
You shoot an arrow. The arrow completely misses the worm.
The worm bites you but does no damage.
You shoot an arrow. The arrow barely misses the worm.
You shoot an arrow. The arrow hits the worm!
The worm is almost dead.
The worm bites you.
You shoot an arrow.
The arrow hits the worm but does no damage.
The worm is almost dead.
The worm bites you!
You die...

...... ............# ..... .. ...
.......>....# #..##.
.##.###.##.#..........# ......
........##.#..........# #.....
.........#.#..........# ......
......................# ..###.
.#.........#..###'###### ..# #...
......w................. ..# #..#
#..# #@.#.#.)###.####.# ..# #..#
#..# #..#.#..# #.# #.# #.#
#..##+#..###..#.#..###.# #.# #.#
#.............#......#.# #.# ...
##.....................####'#
#.###........##...#.#..#.#.......
#.................#.#..#.#.......
#.###..##.#......................
#.###..##.#.........##.#.........


You could see a worm.

Vanquished Creatures
  4 adders (D:2)
  A worm (D:2)
  2 dart slugs
  An orc (D:3)
  7 ball pythons
  4 endoplasms
  5 giant cockroaches
  4 goblins
  A hobgoblin (D:3)
  6 kobolds
  3 quokkas
  3 bats
  A frilled lizard (D:1)
  7 rats
49 creatures vanquished.

Notes
Turn   | Place    | Note
-------+----------+-------------------------------------------
     0 | D:1      | qw the Gargoyle Hunter began the quest for the Orb.
     0 | D:1      | Reached XP level 1. HP: 12/12 MP: 1/1
     0 | D:1      | 0 ||| qw: Version: 0.2-a-29-g767f381
     0 | D:1      | 0 ||| qw: Game counter: 3891
     0 | D:1      | 0 ||| qw: Always use a shield: true
     0 | D:1      | 0 ||| qw: God list: Okawaru
     0 | D:1      | 0 ||| qw: Allow faded altars: false
     0 | D:1      | 0 ||| qw: Do Orc after D:15 true
     0 | D:1      | 0 ||| qw: Do second Lair branch before Depths: true
     0 | D:1      | 0 ||| qw: Lair rune preference: random
     0 | D:1      | 0 ||| qw: Plans: Normal, Zot:1-4, Slime:5, God:TSO, Crypt,
                  | Tomb, Abyss, Pan, Hells, Win
     0 | D:1      | 0 ||| PLANNING D:1-11
    92 | D:1      | Reached XP level 2. HP: 17/17 MP: 2/2
   697 | D:1      | 697 ||| UPGRADING to +0 ring mail.
   707 | D:1      | 707 ||| DROPPING +0 leather armour.
   708 | D:1      | 708 ||| READING scroll labelled DUIXAK SOVAJ.
   709 | D:1      | 709 ||| READING scroll labelled OCO AZXUER.
   710 | D:1      | 710 ||| READING 2 scrolls labelled YKLASE OCEBREY.
   711 | D:1      | 711 ||| READING scroll labelled ICOTUGGOINGU.
   712 | D:1      | 712 ||| DROPPING scroll of butterflies.
   771 | D:2      | Reached skill level 1 in Armour
   781 | D:2      | Reached XP level 3. HP: 19/21 MP: 3/3
   805 | D:2      | Reached skill level 5 in Ranged Weapons
  1103 | D:2      | Reached XP level 4. HP: 27/27 MP: 4/4
  1132 | D:2      | Reached skill level 3 in Fighting
  1461 | D:2      | 1461 ||| UPGRADING to ring of resist corrosion.
  1462 | D:2      | 1462 ||| READING scroll labelled OBRYKUUQIA.
  1934 | D:3      | Found Okizxomu's Antique Weapon Shoppe.
  2010 | D:3      | HP: 7/28 [worm (6)]
  2011 | D:3      | Slain by a worm

Levels and vault maps discovered:
D:1:      dpeg_arrival_erosion, layout_basic
D:2:      layout_loops_ring, grunt_ministairs_12, nicolae_half_adder
D:3:      layout_basic, serial_shops, nicolae_shop_window_shopping,
          minmay_misc_feat_tiny, chequers_garden

Skill      XL: |  1  2  3  4 |
---------------+-------------+-----
Armour         | 1 |  1.0
Ranged Weapons | 5 |  5.3
Fighting       | 3 |  3.1
Dodging        | |  1.5
Stealth        | |  1.1

Action                     |  1- 3 |  4- 6 || total
---------------------------+-------+-------++-------
   Fire: Shortbow          |    81 |    81 ||   162
    Use: Scroll            |     4 |     1 ||     5
 Armour: Leather armour    |     3 |       ||     3
         Ring mail         |    18 |     7 ||    25
  Dodge: Dodged            |    15 |    19 ||    34

Table legend:
 A = Non-vault XP
 B = Vault XP
 C = Vault XP percentage of total XP
 D = Non-vault monster count
 E = Vault monster count
 F = Vault count percentage of total count
                 A         B        C        D         E       F
            +---------+---------+-------+---------+---------+-------
      Total |     104 |      31 |  23.0 |      45 |       4 |   8.2
            +---------+---------+-------+---------+---------+-------
        D:1 |      23 |       0 |   0.0 |      13 |       0 |   0.0
        D:2 |      56 |      31 |  35.6 |      19 |       4 |  17.4
        D:3 |      25 |       0 |   0.0 |      13 |       0 |   0.0
            +---------+---------+-------+---------+---------+-------
